 Dungeon Sprint DCSS version 0.31-a0-233-g139696dc86 (webtiles) character file.

Game seed: 13514343737918513551

5412 dialectric the Ninja (level 10, 0/55 HPs)
             Began as a Spriggan Brigand on July 9, 2023.
             Was a High Priest of Dithmenos.
             Shot with an arrow by a centaur warrior (14 damage)
             ... in the Dungeon (Sprint I: "Red Sonja").
             The game lasted 00:06:32 (731 turns).

dialectric the Ninja (Spriggan Brigand)              Turns: 731, Time: 00:06:33

Health: 0/55       AC:  5    Str:  9    XL:     10   Next: 40%
Magic:  17/17      EV: 22    Int: 13    God:    Dithmenos [*****.]
Gold:   1137       SH:  0    Dex: 19    Spells: 17/17 levels left

rFire   . . .        n - +1 dagger (distort)
rCold   . . .        (no shield)
rNeg    + . .        r - +2 robe {rN+}
rPois   .            (helmet restricted)
rElec   .            c - +0 cloak
rCorr   .            (gloves unavailable)
SInv    +            (boots unavailable)
Will    +....        (no amulet) Stlth *****+++++
                     (no ring)
HPRegen 0.29/turn    (no ring)
MPRegen 0.15/turn

%: no teleportation
@: wreathed by umbra, very quick
A: very small, no large weapons, unfitting armour, see invisible, speed 3
a: Renounce Religion, Shadow Step, Shadow Form


You were in the Dungeon.
You worshipped Dithmenos.
Dithmenos was extremely pleased with you.
You visited 1 branch You collected 1284 gold pieces.
You spent 147 gold pieces at shops.

Inventory:

Hand Weapons
 a - a +2 dagger
 n - a +1 dagger of distortion (weapon)
Missiles
 d - 9 poisoned darts
 e - 4 curare-tipped darts (quivered)
Armour
 b - a +0 robe
 c - a +0 cloak (worn)
 r - a +2 robe of positive energy (worn)
Wands
 l - a wand of flame (16)
 o - a wand of roots (5)
Scrolls
 k - a scroll of blinking
 m - a scroll of vulnerability {unknown}
 p - a scroll of fear {unknown}
Potions
 f - 2 potions of curing
 g - a potion of heal wounds
 h - a potion of haste
 i - 2 potions of magic
 j - a potion of berserk rage
Miscellaneous
 q - a phantom mirror


   Skills:
 + Level 7.4 Fighting
 - Level 12.7 Short Blades
 - Level 2.5 Throwing
 + Level 7.4 Dodging
 O Level 27 Stealth
 * Level 4.3 Spellcasting
 + Level 1.0 Invocations
 + Level 7.6 Evocations


You had 17 spell levels left.
You didn't know any spells.
Your spell library contained the following spells:

 Spells                   Type           Power      Damage    Failure   Level
 Kiss of Death            Conj/Necr      8%         2d6       21%         1
 Confusing Touch          Hex            2%         N/A       52%         3
 Dispel Undead            Necr           2%         3d7       90%         4


Dungeon Overview and Level Annotations

Branches:
Dungeon (1/1)

Altars:
Cheibriados
Dithmenos
Elyvilon
Fedhas
Gozag
Hepliaklqana
Kikubaaqudgha
Makhleb
Nemelex Xobeh
Okawaru
Qazlal
Ru
Sif Muna
Trog
Uskayaw
Vehumet
Wu Jian
Xom
Yredelemnul
Zin
The Shining One
Jiyva
Lugonu

Shops:
D [(***?[!*([?:::[*


Innate Abilities, Weirdness & Mutations

You are very small and have problems with some larger weapons.
You are too small for most types of armour.
You have supernaturally acute eyesight. (SInv)
You cover ground extremely quickly. (Speed+++)


Message History

The demonic crawler is lightly wounded.
The demonic crawler closely misses you.
The demonic crawler completely misses you.
The demonic crawler barely misses you.
There is an open door here.
There is an open door here.
Throw: 5 darts (curare)
Press: ? - help, Q - select action, (/) - cycle Shift-Dir - straight line, f - centaur warrior
Aim: a centaur warrior, wielding a +0 orcbow (wandering, hasn't noticed you, umbra, 72% to hit)
You throw a curare-tipped dart.
The curare-tipped dart hits the centaur warrior.
The centaur warrior is poisoned.
The centaur warrior convulses.
The centaur warrior seems to slow down.
The centaur warrior shouts!
The centaur warrior is lightly wounded.
The centaur warrior shoots an arrow.
The arrow hits you!
Unknown command.
The centaur warrior shoots an arrow.
The arrow hits you!
* * * LOW HITPOINT WARNING * * *
There is an open door here.
You hit the centaur warrior.
Space warps horribly around the centaur warrior!
The centaur warrior is moderately wounded.
The centaur warrior unwields a +0 orcbow.
The centaur warrior completely misses you.
The centaur warrior kicks you but does no damage.
Unknown command.
Unknown command.
You feel much better. The demonic crawler barely misses you.
The demonic crawler hits you. The demonic crawler misses you.
Unknown command.
You hit the centaur warrior.
The centaur warrior is heavily wounded.
The centaur warrior blinks!
The demonic crawler hits you. The demonic crawler hits you!
* * * LOW HITPOINT WARNING * * *
The demonic crawler completely misses you.
The centaur warrior wields a +0 orcbow.
The centaur warrior shoots an arrow.
The arrow hits you!
You die...

#..'..#.)'..#§.'..'.s#...#
#..#####'#####'#__####)..'..#
#..####..#...#.####§.#####..+
#..#__####..##.#~§~.§#§§# +##
#..#_____##'#_.§§§§.§§§§#
#⌠⌠#_.∩...'..s_#~§~§.#§§#
####_..__##_.#'##'#####§###
#_____###s#.#§...###§§.#
############@####'###.###§#
#∩......c.'...'....)'[∩##÷#
###++++####...###########.#
#.......# ##.###.....§§##.#
#.......G# #+# #.....§.§§§#
#..#.GG..# #'''######†#
#G.......# #......§§#.#
#..G..#G.#######.....§.#§.#
#G.....G.##(.[).......~####


You could see 2 demonic crawlers and a centaur warrior (very poisoned, slow).

Vanquished Creatures
  A centaur warrior (D)
  Sonja (D)
  A deep troll (D)
  A shining eye (D)
  An oklob plant (D)
  2 unseen horrors (D)
  2 kobold demonologists (D)
  A hornet (D)
  A slime creature (D)
  Sigmund (D)
  A yak (D)
  2 redbacks (D)
  3 floating eyes (D)
  An ogre (D)
  5 necrophages (D)
  8 jellies (D)
  Ijyb (D)
33 creatures vanquished.

Notes
Turn   | Place    | Note
-------+----------+-------------------------------------------
     0 | D        | dialectric the Spriggan Brigand began the quest for the
                  | Orb.
     0 | D        | Reached XP level 1. HP: 10/10 MP: 2/2
     2 | D        | Noticed Ijyb
     4 | D        | Killed Ijyb
     5 | D        | Reached skill level 9 in Stealth
     5 | D        | Reached XP level 2. HP: 15/15 MP: 3/3
     9 | D        | Noticed an ogre
    11 | D        | Killed an ogre
    12 | D        | Reached skill level 13 in Stealth
    12 | D        | Reached XP level 3. HP: 19/19 MP: 4/4
    12 | D        | Reached XP level 4. HP: 23/23 MP: 5/5
    14 | D        | Noticed Sigmund
    16 | D        | Killed Sigmund
    17 | D        | Reached skill level 5 in Short Blades
    17 | D        | Reached skill level 17 in Stealth
    17 | D        | Reached XP level 5. HP: 28/28 MP: 6/6
    39 | D        | Found a shimmering blue altar of Sif Muna.
    40 | D        | Found an ornate altar of the Wu Jian Council.
    41 | D        | Found a radiant altar of Vehumet.
    55 | D        | Reached XP level 6. HP: 21/32 MP: 7/7
    82 | D        | Found Paed's Weapon Emporium.
    82 | D        | Found an ancient bone altar of Kikubaaqudgha.
    82 | D        | Found a hazy altar of Hepliaklqana.
    82 | D        | Found a hide-covered altar of Uskayaw.
    82 | D        | Found a basalt altar of Yredelemnul.
    82 | D        | Found an opulent altar of Gozag.
    82 | D        | Found a snail-covered altar of Cheibriados.
    82 | D        | Found a sacrificial altar of Ru.
    82 | D        | Found a shadowy altar of Dithmenos.
    82 | D        | Noticed a yak
    84 | D        | Found a stormy altar of Qazlal.
    84 | D        | Found a blossoming altar of Fedhas.
    84 | D        | Found a bloodstained altar of Trog.
    84 | D        | Found an iron altar of Okawaru.
    84 | D        | Found a glowing silver altar of Zin.
    94 | D        | Killed a yak
    95 | D        | Reached skill level 19 in Stealth
    95 | D        | Reached skill level 1 in Evocations
   105 | D        | Found a burning altar of Makhleb.
   105 | D        | Found a shimmering altar of Xom.
   105 | D        | Noticed a slime creature
   106 | D        | Found a viscous altar of Jiyva.
   106 | D        | Found a corrupted altar of Lugonu.
   108 | D        | Killed a slime creature
   109 | D        | Reached skill level 20 in Stealth
   109 | D        | Reached XP level 7. HP: 36/37 MP: 8/8
   122 | D        | Noticed a kobold demonologist
   123 | D        | Noticed a kobold demonologist
   125 | D        | Killed a kobold demonologist
   126 | D        | Reached skill level 21 in Stealth
   127 | D        | Reached skill level 22 in Stealth
   128 | D        | Killed a kobold demonologist
   129 | D        | Reached XP level 8. HP: 42/42 MP: 9/9
   130 | D        | Noticed a demonic crawler
   130 | D        | Noticed a demonic crawler
   130 | D        | Noticed a demonic crawler
   130 | D        | Noticed a demonic crawler
   145 | D        | Noticed a centaur warrior
   146 | D        | Noticed a centaur warrior
   148 | D        | Found a glowing golden altar of the Shining One.
   148 | D        | Found a white marble altar of Elyvilon.
   150 | D        | Found a sparkling altar of Nemelex Xobeh.
   156 | D        | Became a worshipper of Dithmenos the Shadowed
   164 | D        | Noticed Sonja
   168 | D        | Killed Sonja
   169 | D        | Reached skill level 5 in Fighting
   169 | D        | Reached skill level 24 in Stealth
   187 | D        | Found Yromp's Antique Armour Boutique.
   196 | D        | Noticed a shining eye
   196 | D        | Noticed a shining eye
   196 | D        | Noticed a shining eye
   197 | D        | Noticed a shining eye
   197 | D        | Noticed a shining eye
   197 | D        | Noticed a shining eye
   199 | D        | Noticed a shining eye
   199 | D        | Noticed a shining eye
   200 | D        | Killed a shining eye
   200 | D        | Reached * piety under Dithmenos
   201 | D        | Reached skill level 25 in Stealth
   201 | D        | Reached XP level 9. HP: 47/47 MP: 10/10
   214 | D        | Noticed a deep troll
   218 | D        | Killed a deep troll
   219 | D        | Reached skill level 26 in Stealth
   230 | D        | Found Kisal's Armour Emporium.
   232 | D        | Identified the -1 pair of boots of Pandemonium {-Tele rN++}
   280 | D        | Killed a centaur warrior
   281 | D        | Reached skill level 10 in Short Blades
   281 | D        | Reached skill level 27 in Stealth
   281 | D        | Reached skill level 5 in Evocations
   302 | D        | Reached ** piety under Dithmenos
   313 | D        | Noticed an oklob plant
   315 | D        | Killed an oklob plant
   316 | D        | Reached XP level 10. HP: 39/53 MP: 11/11
   367 | D        | Reached *** piety under Dithmenos
   400 | D        | Reached skill level 1 in Spellcasting
   403 | D        | Reached **** piety under Dithmenos
   423 | D        | Found Fatid's General Store.
   424 | D        | Found Nenemag's General Store.
   424 | D        | Found Uclesiva's Assorted Antiques.
   539 | D        | Reached ***** piety under Dithmenos
   548 | D        | Reached skill level 1 in Invocations
   561 | D        | Identified the +4 morningstar "Ifebbika" {freeze, rElec
                  | rPois rCorr Dex-5}
   640 | D        | Found Jaomil's Magic Scroll Emporium.
   640 | D        | Found Hokicoill's Armour Shop.
   640 | D        | Found Doaqaipt's Distillery.
   640 | D        | Found Milobup's General Store.
   640 | D        | Found Mobuew's Antique Weapon Emporium.
   640 | D        | Found Looxaj's Antique Armour Shop.
   640 | D        | Found Paituk's Magic Scroll Shoppe.
   642 | D        | Found Xunu's Book Boutique.
   643 | D        | Found Fuir's Book Emporium.
   643 | D        | Found Hoff's Book Boutique.
   644 | D        | Found Zuluomn's General Store.
   668 | D        | Bought a +2 robe of positive energy for 147 gold pieces
   731 | D        | Shot with an arrow by a centaur warrior

Illustrated notes

Levels and vault maps discovered:
D:        dungeon_sprint_1 [red_sonja_temple_1, red_sonja_temple_small_1]

Skill      XL: |  1  2  3  4  5  6  7  8  9 10 |
---------------+-------------------------------+-----
Fighting       | 2 3 4 5 6 7 |  7.4
Stealth        | 9 13 17 20 22 25 27 | 27.0
Short Blades   | 3 5 6 7 9 11 12 | 12.7
Dodging        | 2 3 4 6 7 |  7.4
Evocations     | 1 2 3 5 7 |  7.6
Spellcasting   | 4 |  4.3
Invocations    | 1 |  1.0
Throwing       | |  2.5

Action                     |  1- 3 |  4- 6 |  7- 9 | 10-12 || total
---------------------------+-------+-------+-------+-------++-------
  Melee: Dagger            |     2 |     6 |    12 |    53 ||    73
         Punch             |       |       |       |     2 ||     2
  Throw: Dart              |       |     3 |     5 |     1 ||     9
 Invoke: Shadow Step       |       |       |       |     2 ||     2
  Evoke: Wand              |       |     3 |       |    13 ||    16
    Use: Potion            |       |       |       |     1 ||     1
   Stab: Sleeping          |     2 |     2 |     9 |     5 ||    18
 Armour: Robe              |       |       |       |     4 ||     4
  Dodge: Dodged            |       |     6 |     5 |    44 ||    55

Table legend: (Time is in decaauts)
 A = Elapsed time spent in this place.
 B = Non-inter-level travel time spent in this place.
 C = Inter-level travel time spent in this place.
 D = Time resting spent in this place.
 E = Time spent auto-exploring this place.
 F = Levels seen in this place.
 G = Mean time per level.
                   A        B        C        D        E       F      G
               +--------+--------+--------+--------+--------+-----+--------+
         Total |    522 |    522 |      0 |     20 |    105 |   1 |  522.0 |
       Dungeon |    522 |    522 |      0 |     20 |    105 |   1 |  522.0 |
               +--------+--------+--------+--------+--------+-----+--------+

Top non-repeatable levels by time:
       D: 522 daAuts
